 Dungeon Crawl Stone Soup version 0.26-a0-663-g36e8fdb655 (webtiles) character file.

Game seed: 1739791598794608356

73 DogServant the Chiller (level 4, -1/33 HPs)
             Began as a Ghoul Ice Elementalist on Oct 11, 2020.
             Killed from afar by an orc wizard (5 damage)
             ... with a puff of flame
             ... on level 3 of the Dungeon.
             The game lasted 00:03:45 (2625 turns).

DogServant the Chiller (Ghoul Ice Elementalist)     Turns: 2625, Time: 00:03:45

Health: -1/33      AC:  2    Str: 11    XL:     4   Next: 27%
Magic:  1/5        EV: 12    Int: 10    God:
Gold:   40         SH:  0    Dex: 10    Spells: 1/6 levels left

rFire    . . .     SeeInvis .     - Unarmed
rCold    + . .     Faith    .   (no shield)
rNeg     + + +     Spirit   .   a - +0 robe
rPois    ∞         Reflect  .   (no helmet)
rElec    .         Harm     .   (no cloak)
rCorr    .         Rampage  .   (no gloves)
MR       .....                  (no boots)
Stlth    ++........             (no amulet)
HPRegen  0.00/turn              (no ring)
MPRegen  0.09/turn              (no ring)

@: no status effects
A: rotting body, claws 1, cold resistance 1, negative energy resistance 3,
inhibited regeneration, torment resistance, unbreathing
a: no special abilities


You were on level 3 of the Dungeon.
You visited 1 branch of the dungeon, and saw 3 of its levels.

You collected 40 gold pieces.

Inventory:

Armour
 a - a +0 robe (worn)
Scrolls
 b - 2 scrolls of enchant armour {unknown}
 c - 3 scrolls of identify {unknown}
 d - 2 scrolls of amnesia {unknown}
 e - 2 scrolls of fog {unknown}
 g - a scroll of enchant weapon {unknown}
 i - a scroll of remove curse {unknown}
 l - a scroll of noise {unknown}
 m - a scroll of immolation {unknown}
Potions
 f - a potion of brilliance {unknown}
 h - a potion of haste {unknown}
 j - a potion of might {unknown}
 k - 2 potions of curing {unknown}
 n - a potion of magic {unknown}


   Skills:
 - Level 1.7 Dodging
 - Level 2.1 Stealth
 + Level 2.7 Unarmed Combat
 - Level 1.7 Spellcasting
 + Level 5.4 Ice Magic


You had one spell level left.
You knew the following spells:

 Your Spells              Type           Power        Failure   Level
a - Freeze                Ice            ##..         3%          1
b - Frozen Ramparts       Ice            ##....       11%         3
c - Animate Skeleton      Necr           #.....       32%         1

Your spell library contained the following spells:

 Spells                   Type           Power        Failure   Level
 Apportation              Tloc           #.....       32%         1
 Corona                   Hex            #......      32%         1
 Summon Small Mammal      Summ           #...         32%         1
 Ozocubu's Armour         Ice            ##......     11%         3
 Hailstorm                Conj/Ice       #.......     71%         4
 Summon Ice Beast         Ice/Summ       #.......     71%         4


Dungeon Overview and Level Annotations

Branches:
Dungeon (3/15)

Altars:
Ashenzari
Dithmenos
Vehumet
Zin


Innate Abilities, Weirdness & Mutations

Your body is rotting away.
You thrive by killing the living.
You are immune to poison.
You have sharp fingernails.
Your flesh is cold resistant. (rC+)
You are immune to negative energy. (rN+++)
You do not regenerate when monsters are visible.
You are immune to unholy pain and torment.
You can survive without breathing.


Message History

* * * LOW HITPOINT WARNING * * *
The orc wizard barely misses you.
Casting: Freeze (safe; 3% risk of failure)
Confirm with . or Enter, or press ? or * to list all spells.
Aiming: Freeze (safe; 3% risk of failure)
Press: ? - help, Shift-Dir - straight line, f/p - orc wizard
Aim: an orc wizard, wielding a +1 dagger of venom and wearing a +0 robe (moderately wounded, fast)
You freeze the orc wizard.
The orc wizard is moderately wounded.
The orc wizard hits you with a +1 dagger of venom.
* * * LOW HITPOINT WARNING * * *
You scratch the orc wizard.
The orc wizard is heavily wounded.
The orc wizard hits you but does no damage.
The orc wizard closely misses you.
You scratch the orc wizard.
The orc wizard is heavily wounded.
The orc wizard casts a spell at you. The puff of flame hits you.
You die...

...........†......
###......######...
#......# #......#
####'#.# #.#.#
#.#..
#.########.#.
#..†)@o......
##########.#.


You could see an orc wizard (fast).

Vanquished Creatures
  2 adders (D:2)
  A worm (D:2)
  A leopard gecko (D:2)
  2 orcs (D:3)
  5 bats
  4 giant cockroaches
  4 goblins
  6 hobgoblins
  7 kobolds
  2 quokkas (D:2)
  3 frilled lizards
  9 rats
46 creatures vanquished.

Vanquished Creatures (others)
  2 plants (D:2)
2 creatures vanquished.

Grand Total: 48 creatures vanquished

Notes
Turn   | Place    | Note
-------+----------+-------------------------------------------
     0 | D:1      | DogServant the Ghoul Ice Elementalist began the quest for
                  | the Orb.
     0 | D:1      | Reached XP level 1. HP: 14/14 MP: 2/2
   540 | D:1      | Reached skill level 1 in Unarmed Combat
   544 | D:1      | Reached XP level 2. HP: 17/20 MP: 3/3
  1318 | D:2      | Reached XP level 3. HP: 26/26 MP: 4/4
  1361 | D:2      | Reached skill level 5 in Ice Magic
  1585 | D:2      | Found a broken altar of Ashenzari.
  1842 | D:2      | Learned a level 3 spell: Frozen Ramparts
  1844 | D:2      | Learned a level 1 spell: Animate Skeleton
  1852 | D:2      | Found a faded altar of an unknown god.
  1987 | D:2      | Reached XP level 4. HP: 33/33 MP: 1/5
  2082 | D:2      | Found a glowing silver altar of Zin.
  2084 | D:2      | Found a shadowy altar of Dithmenos.
  2164 | D:2      | Found a radiant altar of Vehumet.
  2625 | D:3      | Killed from afar by an orc wizard

Illustrated notes

Levels and vault maps discovered:
D:1:      ncdulo_smallfort, layout_loops_ring, serial_forest,
          infiniplex_forest_lined_2, infiniplex_forest_zigzag_1,
          infiniplex_forest_clump_diagonal, infiniplex_forest_straight_2,
          infiniplex_forest_clump_small, infiniplex_forest_end_1,
          infiniplex_forest_end_3, infiniplex_forest_clump_double
D:2:      layout_rooms, lemuel_coloured_pillars_altar,
          gammafunk_temple_overflow_forgotten, chequers_ecumenical_altar_island,
          roderic_filled_cross
D:3:      layout_basic, lemuel_crystal_altar, uniq_natasha

Skill      XL: |  1  2  3 |
---------------+----------+-----
Unarmed Combat | 1 2 |  2.7
Ice Magic      | 5 |  5.4
Dodging        | |  1.7
Stealth        | |  2.1
Spellcasting   | |  1.7

Action                   |  1- 3 |  4- 6 || total
-------------------------+-------+-------++-------
Melee: Unarmed           |    99 |    25 ||   124
 Cast: Freeze            |    11 |     2 ||    13
       Frozen Ramparts   |     1 |     2 ||     3
 Stab: Sleeping          |     6 |     2 ||     8
Armor: Robe              |    26 |     8 ||    34
Dodge: Dodged            |    88 |    12 ||   100

Table legend: (Time is in decaauts)
 A = Elapsed time spent in this place.
 B = Non-inter-level travel time spent in this place.
 C = Inter-level travel time spent in this place.
 D = Time resting spent in this place.
 E = Time spent auto-exploring this place.
 F = Levels seen in this place.
 G = Mean time per level.
                   A        B        C        D        E       F      G
               +--------+--------+--------+--------+--------+-----+--------+
         Total |   2626 |   2542 |     84 |    556 |   1629 |   3 |  875.3 |
       Dungeon |   2626 |   2542 |     84 |    556 |   1629 |   3 |  875.3 |
               +--------+--------+--------+--------+--------+-----+--------+

Top non-repeatable levels by time:
     D:1: 1313 daAuts
     D:2: 1272 daAuts
     D:3: 40 daAuts
